 Dungeon Crawl Stone Soup version 0.29-a0-323-g050149af67 (webtiles) character file.

Game seed: 10581157081921968433

3665 Dabor the Chiller (level 9, -3/65 HPs)
             Began as a Demonspawn Ice Elementalist on Apr 10, 2022.
             Was the Champion of Cheibriados.
             Slain by an orc warrior
             ... wielding a +0 halberd of protection
              (8 damage)
             ... while petrified by a catoblepas
             ... on level 7 of the Dungeon.
             The game lasted 00:17:40 (7562 turns).

Dabor the Chiller (Demonspawn Ice Elementalist)     Turns: 7562, Time: 00:17:40

Health: -3/65      AC: 11    Str: 23    XL:     9   Next: 89%
Magic:  15/19      EV:  2    Int: 36    God:    Cheibriados [******]
Gold:   434        SH:  0    Dex: 31    Spells: 10/21 levels left

rFire   + . .      SeeInvis .   u - +1 hunting sling
rCold   . . .      Faith    +   (no shield)
rNeg    + + +      Spirit   .   y - +0 steam dragon scales
rPois   ∞          Reflect  .   F - +0 helmet
rElec   .          Harm     .   i - +0 cloak
rCorr   .          Rampage  .   (no gloves)
Will    +....                   (no boots)
Stlth   ++........              c - amulet of faith
HPRegen 0.20/turn               g - +4 ring of evasion
MPRegen 0.16/turn               D - ring of poison resistance

@: petrified, very slow
A: hooves 1, molten scales 3, foul stench 1, thin skeletal structure 1,
strong-willed 1, MP-powered wands
a: Renounce Religion, Bend Time, Temporal Distortion, Slouch, Step From Time


You were on level 7 of the Dungeon.
You worshipped Cheibriados.
Cheibriados was exalted by your worship.
You visited 1 branch of the dungeon, and saw 7 of its levels.
You also visited: Sewer.

You collected 434 gold pieces.

Inventory:

Hand Weapons
 u - a +1 hunting sling (weapon)
Missiles
 d - 9 poisoned darts
 l - 6 silver javelins
Armour
 i - a +0 cloak (worn)
 y - +0 steam dragon scales (worn)
 F - a +0 helmet (worn)
Jewellery
 a - an amulet of the acrobat
 c - an amulet of faith (around neck)
 g - a +4 ring of evasion (left hand)
 p - a ring of see invisible
 D - a ring of poison resistance (right hand)
Wands
 o - a wand of digging (2)
 q - a wand of acid (7)
 v - a wand of iceblast (3)
 x - a wand of mindburst (21)
 A - a wand of paralysis (2)
Scrolls
 e - 2 scrolls of immolation
 m - a scroll of magic mapping
 t - 2 scrolls of fog
 B - a scroll of vulnerability
 E - a scroll of amnesia {unknown}
Potions
 h - 2 potions of haste {unknown}
 j - a potion of ambrosia {unknown}
 k - 2 potions of curing
 r - 2 potions of berserk rage
 s - a potion of flight {unknown}
 w - a potion of invisibility {unknown}
 z - a potion of heal wounds {unknown}
 C - a potion of lignification {unknown}


   Skills:
 + Level 4.0 Fighting
 - Level 3.0 Throwing
 + Level 4.3 Dodging
 - Level 2.0 Stealth
 * Level 6.9 Spellcasting
 - Level 5.0 Conjurations
 * Level 7.4 Ice Magic
 + Level 6.1 Invocations


You had 10 spell levels left.
You knew the following spells:

 Your Spells              Type           Power      Damage    Failure   Level
a - Freeze                Ice            100%       1d11      1%          1
b - Frozen Ramparts       Ice            100%       1d12      1%          3
c - Ozocubu's Armour      Ice            60%        N/A       1%          3
d - Hailstorm             Conj/Ice       54%        3d12      2%          4

Your spell library contained the following spells:

 Spells                   Type           Power      Damage    Failure   Level
 Stone Arrow              Conj/Erth      60%        3d10      3%          3
 Sublimation of Blood     Necr           12%        N/A       4%          2
 Call Canine Familiar     Summ           12%        N/A       10%         3
 Portal Projectile        Hex/Tloc       24%        N/A       10%         3
 Animate Armour           Summ/Erth      24%        N/A       32%         4
 Leda's Liquefaction      Hex/Erth       6%         N/A       32%         4
 Petrify                  Tmut/Erth      12%        N/A       32%         4
 Irradiate                Conj/Tmut      15%        3d18      32%         5
 Summon Forest            Summ/Tloc      6%         N/A       65%         5
 Summon Mana Viper        Hex/Summ       12%        N/A       65%         5
 Summon Cactus Giant      Summ           6%         N/A       99%         6
 Lehudib's Crystal Spear  Conj/Erth      15%        10d5      100%        8


Dungeon Overview and Level Annotations

Branches:
Dungeon (7/15)             Temple (0/1) D:4           Sewer (visited)

Altars:
Cheibriados
Gozag
Sif Muna
Wu Jian
Xom


Innate Abilities, Weirdness & Mutations

You have large cloven feet.
You are completely covered in molten scales. (AC +4, rF+)
You may rarely emit foul miasma when damaged in melee.
You have a somewhat thin skeletal structure. (Dex +2, Stealth+)
You are strong-willed. (Will+)
You expend magic power (3 MP) to strengthen your wands.


Message History

You feel your magical essence link to the dungeon's wands.
Your bones become slightly less dense.
You feel strong-willed.
You are engulfed in calcifying dust.
You are slowing down.
The wall freezes the catoblepas!
The catoblepas breathes a plume of calcifying dust at you.
The blast of calcifying dust hits you but does no damage.
Unknown command.
Okay, then.
Unknown command.
As you read the scroll of teleportation, it crumbles to dust.
You feel strangely unstable.
You are engulfed in calcifying dust.
The wall freezes the catoblepas!
The catoblepas gores you but does no damage.
The wall freezes the catoblepas.
The catoblepas breathes a plume of calcifying dust at you.
The blast of calcifying dust hits you.
Your limbs are stiffening.
You feel better.
You are engulfed in calcifying dust.
Your limbs have turned to stone.
The wall freezes the catoblepas!
The catoblepas gores you.
You have turned to stone.
Your surroundings suddenly seem different.
Your icy armour cracks and falls away as you move.
The frozen ramparts melt away as you move.
Splash!
You fall into the shallow water.
Moving in this stuff is going to be slow.
An orc warrior and an ogre come into view.
The orc warrior is wielding a +0 halberd of protection.
The ogre shouts!
The orc warrior shouts!
The ogre hits you with a +0 giant club!!
The ogre hits you with a +0 giant club!
* * * LOW HITPOINT WARNING * * *
The orc warrior hits you from afar with a +0 halberd of protection.
* * * LOW HITPOINT WARNING * * *
The orc warrior hits you from afar with a +0 halberd of protection!
* * * LOW HITPOINT WARNING * * *
The ogre hits you with a +0 giant club.
* * * LOW HITPOINT WARNING * * *
The orc warrior hits you from afar with a +0 halberd of protection!
You die...

##)## ♣.♣ ♣)♣
... ..♣ ♣.♣
.... ... ..♣♣.
♣♣.♣♣ ..♣ ♣. #
#♣...♣# ..♣ ♣
....#.≈O≈.#♣♣..
......≈@≈...♣
..#.#.≈≈≈.#..♣
#♣.o.♣# ♣♣.♣♣
... ♣.♣ ... ♣.♣


You could see an orc warrior and an ogre.

Vanquished Creatures
  A two-headed ogre (D:7)
  A deep elf pyromancer (D:7)
  2 steam dragons
  A water moccasin (D:6)
  A sky beast (D:7)
  An orc warrior (D:7)
  A centaur (D:7)
  3 bullfrogs (D:7)
  2 kobold brigands
  2 scorpions
  A necrophage (D:5)
  A gnoll sergeant (D:5)
  5 wights (D:6)
  2 howler monkeys
  2 jellies
  5 hounds
  A gnoll shaman (D:3)
  Crazy Yiuf (D:2)
  3 orc priests
  Ijyb (D:4)
  3 iguanas
  9 orc wizards
  12 gnolls
  11 adders
  9 river rats
  2 white imps
  A worm (D:3)
  4 dart slugs
  17 orcs
  2 bats (D:3)
  11 endoplasms
  5 giant cockroaches
  4 goblins
  5 hobgoblins
  12 jackals
  7 kobolds
  4 quokkas
  9 ball pythons
  11 frilled lizards
  10 rats
  A butterfly (D:4)
186 creatures vanquished.

Vanquished Creatures (others)
  7 plants (Sewer)
7 creatures vanquished.

Grand Total: 193 creatures vanquished

Notes
Turn   | Place    | Note
-------+----------+-------------------------------------------
     0 | D:1      | Dabor the Demonspawn Ice Elementalist began the quest for
                  | the Orb.
     0 | D:1      | Reached XP level 1. HP: 13/13 MP: 3/3
   622 | D:1      | Gained mutation: You are partially covered in molten
                  | scales. (AC +2) [demonic ancestry]
   622 | D:1      | Reached XP level 2. HP: 19/19 MP: 3/5
   656 | D:1      | Found a faded altar of an unknown god.
  1106 | D:1      | Prayed at the altar of an unknown god.
  1106 | D:1      | Became a worshipper of Cheibriados the Contemplative
  1106 | D:1      | Reached * piety under Cheibriados
  1455 | D:2      | Reached XP level 3. HP: 24/24 MP: 1/6
  1527 | D:2      | Reached skill level 1 in Invocations
  1537 | D:2      | Learned a level 3 spell: Frozen Ramparts
  1554 | D:2      | Reached skill level 4 in Ice Magic
  1969 | D:2      | Found a runed translucent door.
  1970 | D:2      | Noticed Crazy Yiuf
  1979 | D:2      | Killed Crazy Yiuf
  1979 | D:2      | Reached ** piety under Cheibriados
  1980 | D:2      | Gained mutation: You may rarely emit foul miasma when
                  | damaged in melee. [demonic ancestry]
  1980 | D:2      | Reached XP level 4. HP: 30/30 MP: 1/8
  2437 | D:3      | Reached skill level 1 in Throwing
  2582 | D:3      | Gained mutation: You are mostly covered in molten scales.
                  | (AC +3) [demonic ancestry]
  2582 | D:3      | Reached XP level 5. HP: 35/35 MP: 7/9
  3107 | D:3      | Reached *** piety under Cheibriados
  3508 | D:4      | Noticed Ijyb
  3518 | D:4      | Killed Ijyb
  3524 | D:4      | Gained mutation: You are completely covered in molten
                  | scales. (AC +4, rF+) [demonic ancestry]
  3524 | D:4      | Reached XP level 6. HP: 28/41 MP: 0/11
  3753 | D:4      | Reached skill level 5 in Ice Magic
  3780 | D:4      | Noticed a steam dragon
  3904 | D:4      | Found a staircase to the Ecumenical Temple.
  3935 | D:4      | Found an ornate altar of the Wu Jian Council.
  4127 | D:4      | Killed a steam dragon
  4127 | D:4      | Reached **** piety under Cheibriados
  4128 | D:4      | Reached skill level 1 in Fighting
  4128 | D:4      | Gained mutation: You have large cloven feet. [demonic
                  | ancestry]
  4128 | D:4      | Reached XP level 7. HP: 42/48 MP: 6/13
  4293 | D:5      | Entered Level 5 of the Dungeon
  4300 | D:4      | Learned a level 3 spell: Ozocubu's Armour
  4305 | D:4      | Learned a level 4 spell: Hailstorm
  4321 | D:5      | Found an opulent altar of Gozag.
  4347 | D:5      | Reached skill level 1 in Conjurations
  4417 | D:5      | Found a glowing drain.
  4421 | Sewer    | Entered a sewer
  4504 | Sewer    | Reached ***** piety under Cheibriados
  5480 | D:5      | Reached XP level 8. HP: 52/56 MP: 12/15
  5888 | D:5      | Reached skill level 5 in Spellcasting
  6044 | D:5      | Found a shimmering altar of Xom.
  6123 | D:6      | Found a shimmering blue altar of Sif Muna.
  6285 | D:6      | Reached skill level 6 in Ice Magic
  6945 | D:6      | Reached skill level 5 in Invocations
  6956 | D:6      | Reached XP level 9. HP: 40/63 MP: 3/17
  7488 | D:7      | Reached ****** piety under Cheibriados
  7506 | D:7      | Noticed a two-headed ogre
  7514 | D:7      | Killed a two-headed ogre
  7515 | D:7      | Reached skill level 7 in Ice Magic
  7522 | D:7      | Identified the +5 quarterstaff of Squeaky Valour {chaos,
                  | rF- Int+4 Stlth+}
  7522 | D:7      | Noticed a deep elf pyromancer
  7530 | D:7      | Killed a deep elf pyromancer
  7531 | D:7      | Reached skill level 5 in Conjurations
  7544 | D:7      | Noticed a catoblepas
  7552 | D:7      | Gained mutation: You expend magic power (3 MP) to
                  | strengthen your wands. [potion of mutation]
  7552 | D:7      | Gained mutation: You have a somewhat thin skeletal
                  | structure. (Dex +2, Stealth+) [potion of mutation]
  7552 | D:7      | Gained mutation: You are strong-willed. (Will+) [potion of
                  | mutation]
  7562 | D:7      | Slain by an orc warrior

Illustrated notes

Levels and vault maps discovered:
D:1:      ncdulo_halloftheorcs, layout_basic,
          shapermc_ecumenical_altar_mp_highgroup
D:2:      layout_basic, uniq_crazy_yiuf_cottage
D:3:      minmay_inner_zag, layout_basic, minmay_fractal_squares_gapless_5
D:4:      minmay_wonky_spiral, layout_rooms, nzn_wu_jian_contemplation,
          minmay_temple_entry_butterflies, lightli_corner_chamber, uniq_ijyb
D:5:      layout_gridville, mainiacjoe_overflow_catwalk_spiral,
          lightli_sewer_entry_pipes
D:6:      layout_basic, nicolae_sif_muna_condensation
D:7:      nzn_winding_woodlands_cross [nzn_winding_woodlands_5x15_crooked,
          nzn_winding_woodlands_5x15_sidewinder,
          nzn_winding_woodlands_5x15_split_checker,
          nzn_winding_woodlands_5x15_pool,
          nzn_winding_woodlands_15x15_thick_spiral], layout_basic,
          chequers_garden, st_stairs_11

Skill      XL: |  1  2  3  4  5  6  7  8  9 |
---------------+----------------------------+-----
Stealth        | 2 |  2.0
Dodging        | 2 3 4 |  4.3
Invocations    | 1 2 3 4 5 6 |  6.1
Ice Magic      | 4 5 6 7 |  7.4
Spellcasting   | 3 4 5 6 |  6.9
Throwing       | 1 2 3 |  3.0
Fighting       | 1 3 4 |  4.0
Conjurations   | 1 3 5 |  5.0

Action                   |  1- 3 |  4- 6 |  7- 9 || total
-------------------------+-------+-------+-------++-------
Melee: Unarmed           |     8 |    19 |       ||    27
 Fire: Hunting sling     |       |    65 |   161 ||   226
Throw: Dart              |    10 |     3 |       ||    13
 Cast: Freeze            |    43 |    44 |    22 ||   109
       Frozen Ramparts   |     1 |    14 |    42 ||    57
       Ozocubu's Armour  |       |       |    20 ||    20
       Hailstorm         |       |       |     2 ||     2
Invok: Temporal Distorti |       |     1 |       ||     1
Evoke: Wand              |       |     2 |     8 ||    10
  Use: Scroll            |       |     2 |     8 ||    10
       Potion            |       |     1 |     5 ||     6
 Stab: Sleeping          |       |     1 |       ||     1
Armor: Robe              |     2 |    10 |       ||    12
       Steam dragon scal |       |       |    39 ||    39
Dodge: Dodged            |    32 |    51 |   112 ||   195

Table legend: (Time is in decaauts)
 A = Elapsed time spent in this place.
 B = Non-inter-level travel time spent in this place.
 C = Inter-level travel time spent in this place.
 D = Time resting spent in this place.
 E = Time spent auto-exploring this place.
 F = Levels seen in this place.
 G = Mean time per level.
                   A        B        C        D        E       F      G
               +--------+--------+--------+--------+--------+-----+--------+
         Total |  10374 |   9584 |    790 |    493 |   7130 |   8 | 1296.8 |
       Dungeon |   8819 |   8029 |    790 |    493 |   5865 |   7 | 1259.9 |
         Sewer |   1554 |   1554 |      0 |      0 |   1265 |   1 | 1554.0 |
               +--------+--------+--------+--------+--------+-----+--------+

Top non-repeatable levels by time:
     D:3: 1966 daAuts
     D:6: 1911 daAuts
   Sewer: 1554 daAuts
     D:5: 1402 daAuts
     D:1: 1198 daAuts
     D:4: 1067 daAuts
     D:2: 1062 daAuts
     D:7: 212 daAuts
